 Dungeon Crawl Stone Soup version 0.30-a0-643-g638baaf3f0 (webtiles) character file.

Game seed: 4176872643810261996

194637 inmateoo the Black Belt (level 18, -3/120 HPs)
             Began as a Vine Stalker Monk on Jan 16, 2023.
             Was the Champion of Cheibriados.
             Slain by the 27-headed Lernaean hydra (5 damage)
             ... on level 4 of the Swamp.
             The game lasted 00:32:30 (23697 turns).

inmateoo the Black Belt (Vine Stalker Monk)        Turns: 23697, Time: 00:32:31

Health: -3/120     AC: 30    Str: 29    XL:     18   Next: 76%
Magic:  0/35       EV: 23    Int: 33    God:    Cheibriados [******]
Gold:   1180       SH: 14    Dex: 37    Spells: 19/41 levels left

rFire   + . .      SeeInvis .      - Unarmed
rCold   + . .      Faith    .    Q - +0 buckler {reflect}
rNeg    + + .      Spirit   +    (body armour currently unavailable)
rPois   ∞          Reflect  +    N - +0 helmet of the Eternal Fruit {rN+ Regen+ Str-4 Dex+3}
rElec   +          Harm     .    a - scarf {rC+ rF+}
rCorr   .          Rampage  .    (gloves currently unavailable)
Will    ++...                    (boots currently unavailable)
Stlth   +++                      i - amulet of reflection
HPRegen 2.00/turn                t - +6 ring of intelligence
MPRegen 0.24/turn                E - ring of wizardry

@: statue-form (expiring), very slow
A: slow and powerful, torment resistance 1, boosted hp, fangs 3, regeneration 1,
magic shield, antimagic bite, no potion heal 2
a: End Transformation, Renounce Religion, Bend Time, Temporal Distortion,
Slouch, Step From Time


You were on level 4 of the Swamp.
You worshipped Cheibriados.
Cheibriados was exalted by your worship.
You were a living statue of rough stone.
You visited 5 branches of the dungeon, and saw 27 of its levels.
You also visited: Trove and Ice Cave.

You collected 3510 gold pieces.
You spent 2330 gold pieces at shops.

Inventory:

Missiles
 c - 49 poisoned darts (quivered)
 r - 13 throwing nets
Armour
 a - a scarf of resistance (worn)
 n - the +1 leather armour "Miycoab" (melded) {Will+ Str+6}
   (You found it on level 3 of the Dungeon)

   Str:       It affects your strength (+6).
   Will:      It increases your willpower.
 z - a +1 pair of boots (melded)
 N - the +0 helmet of the Eternal Fruit (worn) {rN+ Regen+ Str-4 Dex+3}
   (You found it in a treasure trove)

   Str:       It affects your strength (-4).
   Dex:       It affects your dexterity (+3).
   rN:        It protects you from negative energy.
   Regen:     It increases your rate of health regeneration.
 P - the +2 pair of gloves of Lanoruok (melded) {Dex+2}
   (You found it in a treasure trove)

   Dex:       It affects your dexterity (+2).
 Q - a +0 buckler of reflection (worn)
Jewellery
 i - an amulet of reflection (around neck)
 t - a +6 ring of intelligence (left fist)
 E - a ring of wizardry (right fist)
 M - a ring of see invisible
 O - a ring of protection from fire
Wands
 e - a wand of roots (27)
 f - a wand of digging (2)
 m - a wand of polymorph (20)
 o - a wand of acid (10)
 y - a wand of paralysis (36)
 A - a wand of mindburst (20)
 B - a wand of flame (32)
Scrolls
 k - a scroll of butterflies
 l - a scroll of brand weapon
 u - 2 scrolls of magic mapping
 v - 3 scrolls of fog
 w - 5 scrolls of identify
 x - 5 scrolls of enchant armour
 C - 5 scrolls of amnesia
 G - 4 scrolls of fear
 H - 4 scrolls of enchant weapon
 I - a scroll of silence
 J - 9 scrolls of teleportation
 L - 4 scrolls of blinking
Potions
 b - 3 potions of ambrosia
 d - 5 potions of might
 g - 4 potions of cancellation
 h - a potion of magic
 j - 11 potions of flight
 p - 4 potions of invisibility
 q - 6 potions of mutation
 s - 6 potions of brilliance
 D - 2 potions of berserk rage
 F - 2 potions of curing


   Skills:
 + Level 10.1 Fighting
 - Level 4.0 Armour
 + Level 8.1 Dodging
 - Level 2.4 Stealth
 + Level 7.1 Shields
 + Level 16.0 Unarmed Combat
 + Level 12.1 Spellcasting
 + Level 5.2 Translocations
 - Level 10.0 Transmutations
 + Level 12.1 Earth Magic
 + Level 10.1 Invocations


You had 19 spell levels left.
You knew the following spells:

 Your Spells              Type           Power      Damage    Failure   Level
a - Statue Form           Tmut/Erth      50%        N/A       1%          6
b - Wereblood             Tmut           72%        N/A       1%          2
c - Apportation           Tloc           100%       N/A       1%          1
d - Manifold Assault      Tloc           53%        N/A       1%          4
e - Passwall              Tmut/Erth      62%        N/A       1%          2
f - Malign Gateway        Summ/Tloc      18%        N/A       96%         7

Your spell library contained the following spells:

 Spells                   Type           Power      Damage    Failure   Level
 Beastly Appendage        Tmut           100%       N/A       1%          1
 Necrotise                Necr           76%        1d7       1%          1
 Slow                     Hex            76%        N/A       1%          1
 Summon Small Mammal      Summ           76%        N/A       1%          1
 Ensorcelled Hibernation  Hex/Ice        38%        N/A       1%          2
 Spider Form              Tmut/Pois      52%        N/A       1%          3
 Leda's Liquefaction      Hex/Erth       28%        N/A       1%          4
 Petrify                  Tmut/Erth      75%        N/A       1%          4
 Lee's Rapid Deconstruct  Erth           39%        3d19*     1%          5
 Confusing Touch          Hex            19%        N/A       3%          3
 Inner Flame              Hex/Fire       19%        N/A       3%          3
 Ozocubu's Armour         Ice            19%        N/A       3%          3
 Swiftness                Air            19%        N/A       3%          3
 Vampiric Draining        Necr           19%        2d7       3%          3
 Cause Fear               Hex            9%         N/A       12%         4
 Dispersal                Tloc           26%        N/A       21%         6
 Agony                    Necr           19%        N/A       30%         5
 Metabolic Englaciation   Hex/Ice        9%         N/A       30%         5
 Ozocubu's Refrigeration  Ice            9%         4d9       100%        7
 Discord                  Hex            9%         N/A       100%        8
 Disjunction              Tloc           26%        N/A       100%        8
 Summon Horrible Things   Summ           9%         N/A       100%        8
 Chain Lightning          Conj/Air       9%         3d12      100%        9
 Fire Storm               Conj/Fire      9%         8d3       100%        9
 Shatter                  Erth           39%        3d31*     100%        9


Dungeon Overview and Level Annotations

Branches:
Dungeon (15/15)            Temple (1/1) D:4            Lair (5/5) D:9
  Swamp (4/4) Lair:3        Snake (0/4) Lair:3        Slime (0/5) Lair:5
    Orc (2/2) D:9             Elf (0/3) Orc:2        Vaults (0/5) D:14
 Depths (0/4) D:15          IceCv (visited)

Altars:
Ashenzari
Cheibriados
Dithmenos
Elyvilon
Fedhas
Gozag
Hepliaklqana
Kikubaaqudgha
Makhleb
Nemelex Xobeh
Okawaru
Qazlal
Ru
Sif Muna
Trog
Uskayaw
Vehumet
Wu Jian
Xom
Yredelemnul
Zin
The Shining One

Shops:
D:6 [(([(   D:7 =   D:9 :   D:10 *   D:13 :   Orc:2 [:((

Annotations:
Swamp:4 Lernaean hydra


Innate Abilities, Weirdness & Mutations

You are a living statue of rough stone.
Your actions are slow, but your melee attacks are powerful.
You are resistant to unholy torment.
Your maximum health is greatly increased.
You are immune to poison.
Your equipment is partially melded.
You have razor-sharp teeth.
Your natural rate of healing is unusually fast.
When hurt, damage is shared between your health and your magic reserves.
Your bite disrupts and absorbs the magic of your enemies.
Potions cannot restore your health.


Message History

The 27-headed Lernaean hydra bites you!
* * * LOW HITPOINT WARNING * * *
You block the 27-headed Lernaean hydra's attack.
The 27-headed Lernaean hydra bites you!
* * * LOW HITPOINT WARNING * * *
The 27-headed Lernaean hydra bites you but does no damage. x4
The 27-headed Lernaean hydra completely misses you.
The 27-headed Lernaean hydra misses you.
The 27-headed Lernaean hydra bites you.
* * * LOW HITPOINT WARNING * * *
The 27-headed Lernaean hydra misses you.
You block the 27-headed Lernaean hydra's attack.
The 27-headed Lernaean hydra bites you but does no damage. x2
The 27-headed Lernaean hydra misses you.
The 27-headed Lernaean hydra completely misses you.
The 27-headed Lernaean hydra bites you!
* * * LOW HITPOINT WARNING * * *
The 27-headed Lernaean hydra bites you but does no damage.
You block the four-headed hydra's attack.
The four-headed hydra barely misses you.
The four-headed hydra closely misses you.
The four-headed hydra misses you.
An eight-headed hydra comes into view.
The will-o-the-wisp engulfs you but does no damage.
The 27-headed Lernaean hydra is engulfed in a cloud of scalding steam.
The 27-headed Lernaean hydra bites you but does no damage. x2
You block the 27-headed Lernaean hydra's attack.
The 27-headed Lernaean hydra bites you but does no damage. x3
The 27-headed Lernaean hydra bites you.
* * * LOW HITPOINT WARNING * * *
The 27-headed Lernaean hydra bites you but does no damage. x8
The 27-headed Lernaean hydra completely misses you. x2
The 27-headed Lernaean hydra bites you but does no damage.
The 27-headed Lernaean hydra closely misses you.
You block the 27-headed Lernaean hydra's attack.
The 27-headed Lernaean hydra bites you but does no damage. x3
The 27-headed Lernaean hydra completely misses you.
You block the 27-headed Lernaean hydra's attack.
The 27-headed Lernaean hydra bites you.
You die...

.....~.~..~#§≈♣
♣.~~..~~#...≈≈♣ .~$#.
~~?.♣.~♣♣.~.#≈♣ ≈~~≈≈
~.~.~♣♣♣..~.♣≈♣♣# #≈≈D≈~
~~..♣♣ ♣♣.~♣♣♣.≈# D≈≈~..
~♣♣♣♣ ♣♣~≈♣♣.≈## #Dk≈...
~♣ ♣♣♣♣♣~♣♣♣.######Dx≈~~≈≈
♣♣ ♣~...~.♣♣~..##DHDD≈#.#~
♣♣♣♣.÷.......~..8DDDD~....
.♣♣~~~~........~#vDDD##~##
..♣.~~~~...♣♣.#####D≈~~≈≈
~....~....~♣♣♣.≈# ##≈≈##
.§♣♣♣~~~...♣♣♣♣♣$≈♣ ###
.§♣♣♣.†~~~..♣ ♣♣ ♣♣♣♣♣
~.♣♣~~~~.#~♣♣ ♣♣♣♣♣♣~~~♣
~~~♣.~.~....♣ ♣♣♣~~♣♣~~~.♣
.~.♣.~~.....#
♣♣♣§~~~~♣~~.~#


You could see the 27-headed Lernaean hydra, a bunyip, 3 eight-headed hydras, 5
four-headed hydras, 5 swamp dragons, a fenstrider witch, a will-o-the-wisp and a
swamp drake.

Vanquished Creatures
  Jorgrun (D:12)
  Kirke (Lair:4)
  Roxanne (D:15)
  A fenstrider witch (Swamp:4)
  Louise (Swamp:2)
  A frost giant (IceCv)
  An orc warlord (Orc:1)
  6 eleionomae
  4 bunyips
  An ettin (D:15)
  A fire dragon (D:14)
  The ghost of Qifihung the Marksoctopus, a journeyman OpHu of Gozag (Lair:2)
  A shambling mangrove (Swamp:3)
  Josephine (Lair:3)
  16 hydras
  Harold (D:8)
  An ice dragon (Lair:5)
  2 vault guards (D:14)
  A catoblepas (Lair:2)
  6 centaur warriors
  2 boulder beetles
  5 two-headed ogres
  A ghost crab (Swamp:4)
  5 alligators
  2 tengu warriors (D:15)
  12 death yaks
  2 orc high priests (Orc:1)
  Sonja (Lair:2)
  A deep troll (D:14)
  3 goliath frogs
  5 skeletal warriors
  4 swamp dragons
  6 bog bodies
  6 spriggan druids
  5 orc knights
  4 wizards
  A lindwurm (Lair:5)
  Pikel (D:7)
  3 deep elf pyromancers
  An orc sorcerer (Orc:1)
  3 manticores
  A wolf spider (D:14)
  7 will-o-the-wisps
  An elephant (Lair:2)
  A cyclops (D:12)
  Maurice (D:8)
  An ice statue (IceCv)
  5 slime creatures (D:14)
  Joseph (D:7)
  7 black mambas
  A gargoyle (D:12)
  5 torpor snails (Lair:5)
  A cane toad (shapeshifter) (D:15)
  Maggie (D:9)
  An unseen horror (D:11)
  11 cane toads
  12 rime drakes
  4 komodo dragons
  3 kobold demonologists (D:13)
  4 tengu conjurers
  9 trolls
  16 tyrant leeches
  16 hornets
  A bloated husk (Swamp:1)
  3 meliai (D:13)
  Prince Ribbit (D:5)
  15 blink frogs
  14 polar bears
  5 dream sheep (Lair:5)
  5 raiju (Lair:5)
  11 spriggans
  2 hogs (Lair:4)
  3 wyverns
  6 wraiths
  21 humans (D:14)
  29 yaks
  2 steam dragons (D:9)
  25 vampire mosquitoes
  3 basilisks
  4 wargs (Lair:5)
  Grum (D:7)
  Menkaure (D:7)
  2 nagas (Lair:3)
  9 swamp worms
  An acid dragon (D:11)
  Duvessa (D:8)
  12 hell hounds (Lair:5)
  13 water moccasins
  2 ice beasts
  12 black bears
  47 orc warriors
  8 swamp drakes
  6 ogres
  3 sky beasts (D:9)
  36 wolves
  14 centaurs
  3 phantoms (D:9)
  A lemure (D:7)
  4 kobold brigands
  5 gnoll sergeants
  10 bullfrogs
  Dowan (D:7)
  12 wights
  2 vampire bats (D:15)
  10 killer bees
  2 troll zombies (D:9)
  2 howler monkeys (D:12)
  2 electric eels
  A lava snake (D:13)
  20 hounds
  19 orc priests
  3 jellies
  3 quasits (D:8)
  3 gnoll boudas (D:7)
  2 iguanas (D:4)
  Ijyb (D:3)
  23 orc wizards
  4 ogre zombies (D:9)
  9 adders
  29 gnolls
  2 white imps
  A dart slug (D:1)
  67 orcs
  2 bat skeletons (D:15)
  4 bat zombies (D:15)
  8 endoplasms
  4 giant cockroaches
  6 goblins
  4 hobgoblins
  6 jackals
  2 quokkas
  10 ball pythons
  5 bats
  5 frilled lizards
  2 hobgoblin skeletons (D:9)
  4 hobgoblin zombies (D:9)
  42 kobolds
  3 orc skeletons
  10 orc zombies (D:9)
  5 rats
  2 foxfires (Swamp:4)
914 creatures vanquished.

Vanquished Creatures (others)
  An alligator (Swamp:2)
  2 will-o-the-wisps
  A hornet (Swamp:2)
  2 bloated husks (Swamp:4)
  A spriggan (Swamp:2)
  A swamp worm (Swamp:2)
  3 orcs
  45 foxfires
  13 fungi
  34 plants
103 creatures vanquished.

Grand Total: 1017 creatures vanquished

Notes
Turn   | Place    | Note
-------+----------+-------------------------------------------
     0 | D:1      | inmateoo the Vine Stalker Monk began the quest for the Orb.
     0 | D:1      | Reached XP level 1. HP: 11/11 MP: 2/2
   362 | D:1      | Reached XP level 2. HP: 15/16 MP: 3/3
   715 | D:1      | Reached XP level 3. HP: 18/19 MP: 4/4
  1273 | D:2      | Found a stormy altar of Qazlal.
  1756 | D:3      | Noticed Ijyb
  1770 | D:3      | Reached skill level 1 in Armour
  1770 | D:3      | Gained mutation: Your natural rate of healing is unusually
                  | fast. [Vine Stalker growth]
  1770 | D:3      | Reached XP level 4. HP: 17/24 MP: 5/5
  1770 | D:3      | Killed Ijyb
  1771 | D:3      | Reached skill level 4 in Unarmed Combat
  2039 | D:3      | Found a faded altar of an unknown god.
  2090 | D:3      | Identified the +1 leather armour "Miycoab" {Will+ Str+6}
  2449 | D:3      | Reached XP level 5. HP: 26/28 MP: 6/6
  2852 | D:4      | Reached XP level 6. HP: 21/32 MP: 3/7
  2892 | D:4      | Noticed a black bear
  2903 | D:4      | Killed a black bear
  2904 | D:4      | Reached skill level 5 in Unarmed Combat
  3056 | D:4      | Learned a level 2 spell: Passwall
  3162 | D:4      | Found a staircase to the Ecumenical Temple.
  3172 | Temple   | Entered the Ecumenical Temple
  3353 | Temple   | Became a worshipper of Cheibriados the Contemplative
  3353 | Temple   | Reached * piety under Cheibriados
  3353 | Temple   | Reached ** piety under Cheibriados
  3579 | D:5      | Entered Level 5 of the Dungeon
  3611 | D:5      | Reached XP level 7. HP: 37/37 MP: 8/8
  3886 | D:5      | Noticed Prince Ribbit
  3900 | D:5      | Killed Prince Ribbit
  3901 | D:5      | Reached skill level 6 in Unarmed Combat
  3901 | D:5      | Gained mutation: You have razor-sharp teeth. [Vine Stalker
                  | growth]
  3901 | D:5      | Reached XP level 8. HP: 31/42 MP: 6/9
  4517 | D:6      | Found Zanug's Weapon Shop.
  4517 | D:6      | Found Joyhef's Antique Weapon Shop.
  4517 | D:6      | Found Lutyef's Antique Armour Shop.
  4518 | D:6      | Found Vayn's Weapon Shop.
  4532 | D:6      | Bought a cloak for 99 gold pieces
  4532 | D:6      | Bought a pair of boots for 99 gold pieces
  4557 | D:6      | Reached skill level 7 in Unarmed Combat
  4626 | D:6      | Reached skill level 5 in Fighting
  4674 | D:6      | Reached XP level 9. HP: 42/47 MP: 10/10
  4676 | D:6      | Reached *** piety under Cheibriados
  4729 | D:6      | Reached skill level 8 in Unarmed Combat
  4739 | D:6      | Reached skill level 5 in Dodging
  5032 | D:6      | Found Terph's Armour Boutique.
  5040 | D:6      | Found a shimmering blue altar of Sif Muna.
  5046 | D:6      | Reached **** piety under Cheibriados
  5056 | D:6      | Bought a +1 pair of boots for 172 gold pieces
  5305 | D:7      | Noticed Joseph
  5317 | D:7      | Killed Joseph
  5370 | D:7      | Reached skill level 9 in Unarmed Combat
  5372 | D:7      | HP: 1/48 [orc priest/divine providence (10)]
  5499 | D:7      | Noticed Grum
  5558 | D:7      | Killed Grum
  5683 | D:7      | Reached ***** piety under Cheibriados
  5702 | D:7      | Reached XP level 10. HP: 48/53 MP: 9/11
  5779 | D:7      | Noticed Menkaure
  5786 | D:7      | Killed Menkaure
  5787 | D:7      | Reached skill level 1 in Invocations
  5790 | D:7      | Noticed Dowan
  5794 | D:7      | Noticed Duvessa
  5796 | D:7      | Killed Dowan
  5831 | D:8      | Reached skill level 1 in Shields
  5853 | D:8      | Killed Duvessa
  5854 | D:8      | Reached skill level 10 in Unarmed Combat
  5871 | D:7      | Found a shadowy altar of Dithmenos.
  6097 | D:7      | Noticed Pikel
  6111 | D:7      | Killed Pikel
  6155 | D:7      | Found Ydatoick's Jewellery Boutique.
  6441 | D:8      | Found a glowing golden altar of the Shining One.
  6451 | D:8      | Noticed Maurice
  6466 | D:8      | Killed Maurice
  6552 | D:8      | Noticed a two-headed ogre
  6560 | D:8      | Killed a two-headed ogre
  7403 | D:8      | Identified the +0 robe of Ferocious Miracles {rC+ Str+2}
  7438 | D:9      | Noticed Harold
  7454 | D:8      | Killed Harold
  7455 | D:8      | Reached XP level 11. HP: 48/58 MP: 14/14
  7567 | D:9      | Reached skill level 11 in Unarmed Combat
  7736 | D:9      | Found Raemuh's Book Emporium.
  7773 | D:9      | Reached ****** piety under Cheibriados
  7793 | D:9      | Noticed a two-headed ogre
  7803 | D:9      | Killed a two-headed ogre
  7836 | D:9      | Found a staircase to the Orcish Mines.
  7837 | D:9      | Noticed Maggie
  7859 | D:9      | Killed Maggie
  8009 | D:9      | Found a staircase to the Lair.
  8070 | D:9      | Found a sparkling altar of Nemelex Xobeh.
  8537 | D:10     | Entered Level 10 of the Dungeon
  8543 | D:10     | You fall into a shaft and drop 3 floors!
  8572 | D:12     | Noticed a manticore
  8581 | D:12     | Killed a manticore
  8613 | D:11     | Identified the +7 flail of Shrieking Terror {flame, +Blink
                  | MP+9 SInv}
  9058 | D:11     | Reached skill level 12 in Unarmed Combat
  9124 | D:11     | Reached skill level 5 in Invocations
  9139 | D:11     | Noticed a boulder beetle
  9155 | D:11     | Killed a boulder beetle
  9250 | D:10     | Reached XP level 12. HP: 61/64 MP: 14/17
  9255 | D:10     | Reached skill level 5 in Shields
  9684 | D:10     | Found Qidix's General Store.
  9875 | D:10     | Found a glowing silver altar of Zin.
 10114 | D:12     | Noticed a four-headed hydra
 10127 | D:12     | Killed a four-headed hydra
 10128 | D:12     | Reached skill level 1 in Spellcasting
 10128 | D:12     | Reached skill level 1 in Transmutations
 10128 | D:12     | Reached skill level 1 in Earth Magic
 10128 | D:12     | Noticed Jorgrun
 10216 | D:12     | Killed Jorgrun
 10651 | D:9      | Bought a book of Sloth for 504 gold pieces
 10658 | D:9      | Learned a level 6 spell: Statue Form
 10717 | D:13     | Noticed an eight-headed hydra
 10729 | D:13     | Killed an eight-headed hydra
 10877 | D:13     | Noticed a two-headed ogre
 10881 | D:13     | Found Veseygro's Book Shop.
 10919 | D:13     | Killed a two-headed ogre
 11260 | D:13     | Reached XP level 13. HP: 33/69 MP: 3/19
 11705 | D:14     | Noticed a fire dragon
 11980 | D:14     | Killed a fire dragon
 12735 | D:14     | Noticed a vault guard
 12738 | D:14     | Noticed a vault guard
 12758 | D:14     | Killed a vault guard
 12762 | D:14     | Killed a vault guard
 12787 | D:14     | Found a gate to the Vaults.
 12987 | D:15     | Entered Level 15 of the Dungeon
 12987 | D:15     | Found a portal to a secret trove of treasure.
 12997 | D:15     | Reached skill level 13 in Unarmed Combat
 12997 | D:15     | Reached skill level 5 in Spellcasting
 12997 | D:15     | Reached skill level 5 in Transmutations
 12999 | D:15     | Reached skill level 5 in Earth Magic
 13057 | Trove    | Entered a treasure trove
 13059 | Trove    | Found the +1 cloak of Starlight {*Dazzle EV+4 Stlth--}
 13065 | Trove    | Identified the +1 pair of boots "Kawamoo" {Harm rElec}
 13067 | Trove    | Identified the +1 chain mail "Vuthrecil" {rN++}
 13069 | Trove    | Identified the +0 helmet of the Eternal Fruit {rN+ Regen+
                  | Str-4 Dex+3}
 13083 | Trove    | Identified the +2 pair of gloves of Lanoruok {Dex+2}
 13108 | Trove    | Identified the +1 scale mail of a ziggurat {rCorr Str+2
                  | Stlth-}
 13124 | Trove    | Identified the +0 helmet of Nihilism {rPois Int-4 Dex+3}
 13267 | D:14     | Reached XP level 14. HP: 69/75 MP: 20/22
 13544 | D:15     | Found an ancient bone altar of Kikubaaqudgha.
 13992 | D:15     | Found a staircase to the Depths.
 14012 | D:15     | Noticed Roxanne
 14282 | Lair:1   | Entered Level 1 of the Lair of Beasts
 15596 | Lair:2   | Noticed Sonja
 15607 | Lair:2   | Killed Sonja
 15617 | Lair:2   | Found a frozen archway.
 15664 | IceCv    | Entered an ice cave
 15711 | IceCv    | Reached skill level 10 in Fighting
 15740 | IceCv    | Learned a level 1 spell: Apportation
 15745 | IceCv    | Learned a level 4 spell: Manifold Assault
 15936 | IceCv    | Reached skill level 1 in Translocations
 15974 | IceCv    | Noticed a frost giant
 15992 | IceCv    | Killed a frost giant
 16464 | Lair:2   | Found a transporter.
 16543 | Lair:2   | Found a transporter.
 16634 | Lair:2   | Reached XP level 15. HP: 80/80 MP: 26/26
 16782 | Lair:2   | Noticed Qifihung's ghost (journeyman OpHu)
 17188 | Lair:2   | Reached XP level 16. HP: 85/85 MP: 27/27
 17189 | Lair:2   | Reached XP level 17. HP: 89/89 MP: 27/31
 17271 | Lair:3   | Found a staircase to the Swamp.
 17341 | Lair:3   | Noticed Josephine
 17346 | Lair:3   | Found a staircase to the Snake Pit.
 17349 | Lair:3   | Killed Josephine
 17569 | Lair:3   | You fall into a shaft and drop 1 floor!
 17655 | Lair:4   | Noticed Kirke
 17671 | Lair:4   | Killed Kirke
 17672 | Lair:4   | Reached skill level 14 in Unarmed Combat
 17698 | Lair:4   | Identified the +5 short sword "Orb Guardian's Death"
                  | {protect, rElec rC+ Str-5}
 18053 | Lair:5   | Entered Level 5 of the Lair of Beasts
 18132 | Lair:5   | Reached skill level 10 in Earth Magic
 18219 | Lair:5   | Found a runed translucent door.
 18346 | Lair:5   | Reached skill level 10 in Invocations
 18442 | Lair:5   | Found a staircase to the Slime Pits.
 18540 | Lair:5   | Reached skill level 10 in Spellcasting
 18693 | Lair:5   | Identified the +7 long sword of Immorality {vamp, rCorr
                  | Str+7}
 19195 | Lair:5   | Reached skill level 5 in Translocations
 19861 | Orc:1    | Entered Level 1 of the Orcish Mines
 20065 | Orc:1    | Identified the +4 ring mail "Eddasickof" {+Blink rF+ Dex-4
                  | Stlth+}
 20147 | Orc:1    | Paralysed by something for 5 turns
 20604 | Orc:2    | Entered Level 2 of the Orcish Mines
 20718 | Orc:2    | Found a staircase to the Elven Halls.
 21148 | Orc:2    | Found Vugubror's Weapon Shop.
 21148 | Orc:2    | Found Hasorali's Book Emporium.
 21150 | Orc:2    | Found Moubloej's Antique Armour Shoppe.
 21152 | Orc:2    | Found Reto's Weapon Boutique.
 21157 | Orc:2    | Bought a book of Annihilations for 780 gold pieces
 21157 | Orc:2    | Bought a Grand Grimoire for 442 gold pieces
 21157 | Orc:2    | Bought a book of Changes for 234 gold pieces
 21160 | Orc:2    | Learned a level 2 spell: Wereblood
 21168 | Orc:2    | Learned a level 7 spell: Malign Gateway
 21364 | Lair:2   | Reached XP level 18. HP: 93/93 MP: 29/33
 21369 | Lair:2   | Killed Qifihung's ghost
 21376 | Lair:2   | Identified the +10 dagger of the Big Bang {speed, rPois
                  | Will+ MP+9}
 21643 | D:15     | Killed Roxanne
 21813 | Swamp:1  | Entered Level 1 of the Swamp
 22074 | Swamp:1  | Reached skill level 15 in Unarmed Combat
 22304 | Swamp:2  | Noticed Louise
 22355 | Swamp:2  | Killed Louise
 22542 | Swamp:2  | Reached skill level 10 in Transmutations
 22982 | Swamp:3  | Identified the +5 flail "Daxaisso" {vamp, Will+}
 23205 | Swamp:4  | Entered Level 4 of the Swamp
 23218 | Swamp:4  | Identified the +2 robe of Bunt {*Slow SInv Archmagi}
 23371 | Swamp:4  | Reached skill level 16 in Unarmed Combat
 23689 | Swamp:4  | Noticed the 27-headed Lernaean hydra
 23693 | Swamp:4  | Paralysed by a fenstrider witch for 3 turns
 23697 | Swamp:4  | HP: 5/120 [the 27-headed Lernaean hydra (7)]
 23697 | Swamp:4  | HP: 2/120 [the 27-headed Lernaean hydra (3)]
 23697 | Swamp:4  | Slain by the 27-headed Lernaean hydra

Illustrated notes

Levels and vault maps discovered:
D:1:      grunt_arrival_lava_bath, layout_loops_corners
D:2:      layout_loops_cross, basic_altar
D:3:      minmay_evil_eye, layout_basic, basic_ecumenical_altar,
          kennysheep_big_empty_room, uniq_ijyb
D:4:      layout_rooms, minmay_temple_entry_glass, minmay_goblin_kobold_house
D:5:      layout_gridville, serial_park_tiny_2, st_stairs_8,
          kennysheep_flooded_box, minmay_crossroads, uniq_prince_ribbit1
D:6:      cheibrodos_thug_alley, layout_basic, nicolae_sif_muna_condensation,
          serial_shops, nicolae_shop_competitors_out_of_business,
          minmay_shop_grid_forest, kennysheep_decorative_pillar,
          minmay_misc_feat_pillars, minmay_statues_item
D:7:      layout_cave_pools, grunt_dithmenos_smoke, serial_gnoll_camp,
          grums_kennel, gnoll_camp_mini_basic, gnoll_camp_mini_doghouse,
          gnoll_camp_mini_hut, gnoll_camp_medium_02, gnoll_camp_mini_house,
          serial_shops, shop, nicolae_lava_and_water, uniq_duvessa, uniq_pikel,
          uniq_menkaure, uniq_joseph
D:8:      cheibrodos_quashed, layout_basic, mainiacjoe_overflow_cross_hatched,
          serial_co_window_serial, co_window_paths_b, co_window_corner_a,
          co_window_corner_a, co_window_corner_a, co_window_of_opportunity_a,
          co_window_paths_a, co_window_unsneaky_path_d, co_window_corner_b,
          co_window_broadway_c, co_window_4corner_b, co_window_paths_d,
          glass_columns_a, glass_columns_c, glass_columns_a, glass_columns_a,
          uniq_maurice
D:9:      layout_loops_ring, nemelex_xobeh_ov_fountains_minmay,
          lair_entry_dummy, zombieorc1_lemuel, serial_shops, shop,
          hangedman_misty_isle, uniq_maggie, uniq_harold
D:10:     layout_basic, zin_statuary, wad_floor_pattern_untrapped,
          nicolae_stop_n_shop_2, bh_walls_and_bars
D:11:     layout_roguey
D:12:     layout_rooms, minmay_starry_boxes, uniq_jorgrun
D:13:     layout_basic, nicolae_inconvenience_store
D:14:     layout_loops_ring, grunt_vaults_entry_tiered, hangedman_glass_teeth
D:15:     hangedman_depths_entry_civil_slaughter, layout_rooms,
          chequers_decorated_corner, nicolae_trove_entry_crossroad,
          kennysheep_vampire_church, uniq_roxanne
Temple:   nicolae_temple_bog_church
Lair:1:   layout_layer_cave, grunt_megastairs_4
Lair:2:   layout_concentric_octagons, gammafunk_ghost_arena,
          portal_ice_cave_rime, chequers_serial_rivers_micro_a,
          nicolae_lair_grove_arrangements, wad_woods_02, uniq_sonja
Lair:3:   layout_regular_city, skrybe_swamp_entry_bodies,
          guppyfry_snake_entry_garden, uniq_josephine
Lair:4:   statuecave_lemuel, layout_misc_corridors, grunt_megastairs_1,
          uniq_kirke
Lair:5:   hangedman_lair_caniforms_friends, layout_gridlike, wormcave,
          slime_entry_1
Swamp:1:  layout_falls_marsh, evilmike_swamp_ruin_house_1,
          infiniplex_staircase_pool
Swamp:2:  layout_falls_marsh, hangedman_swamp_pad, swamp_pool2, uniq_louise
Swamp:3:  layout_falls_marsh, evilmike_swamp_ruin_rubble_1
Swamp:4:  swamp_old_school, layout_basic_swamp, nicolae_swamp_spooky_pond,
          infiniplex_staircase_pool_2
Orc:1:    orc_temple, layout_diamond_mine, minmay_orc_keep
Orc:2:    st_orc_rangers, layout_caves

Skill      XL: |  1  2  3  4  5  6  7  8  9 10 11 12 13 14 15 16 17 18 |
---------------+-------------------------------------------------------+-----
Fighting       | 3 4 5 6 7 8 9 10 | 10.1
Armour         | 1 2 3 4 |  4.0
Unarmed Combat | 4 5 6 7 9 10 12 13 14 16 | 16.0
Dodging        | 3 4 5 6 7 8 |  8.1
Invocations    | 3 5 6 8 9 10 | 10.1
Shields        | 3 4 6 7 |  7.1
Spellcasting   | 3 5 7 9 10 12 | 12.1
Transmutations | 3 5 7 8 10 | 10.0
Earth Magic    | 3 5 7 9 11 12 | 12.1
Translocations | 2 5 |  5.2
Stealth        | |  2.4

Action                   |  1- 3 |  4- 6 |  7- 9 | 10-12 | 13-15 | 16-18 || total
-------------------------+-------+-------+-------+-------+-------+-------++-------
Melee: Unarmed           |   104 |   143 |   217 |   527 |   730 |   756 ||  2477
       Bite              |    21 |    48 |    82 |   205 |   322 |   310 ||   988
       Punch             |     3 |     2 |     9 |       |       |       ||    14
Throw: Dart              |       |     1 |     6 |       |     5 |       ||    12
 Cast: Statue Form       |       |       |       |       |       |    70 ||    70
       Wereblood         |       |       |       |       |       |     1 ||     1
Invok: Slouch            |       |       |       |     3 |       |     1 ||     4
Evoke: Wand              |     2 |     1 |     7 |     4 |     3 |       ||    17
  Use: Scroll            |     3 |     7 |     8 |    12 |     7 |     2 ||    39
       Potion            |       |       |       |       |     2 |     1 ||     3
 Stab: Sleeping          |     3 |     2 |     3 |     5 |     6 |     7 ||    26
       Distracted        |       |       |       |     4 |       |     3 ||     7
       Invisible         |       |       |       |       |    20 |       ||    20
Armor: Ring mail         |    33 |       |       |       |       |       ||    33
       Robe              |     2 |       |       |       |       |       ||     2
       Scale mail        |     9 |    13 |       |       |       |       ||    22
       Leather armour    |       |    33 |    72 |   129 |   133 |    22 ||   389
       Skin              |       |       |       |       |       |   451 ||   451
Dodge: Dodged            |    60 |    87 |   203 |   399 |   480 |  1093 ||  2322
Block: Other             |     4 |    27 |    72 |     2 |       |       ||   105
       Reflection        |     1 |     2 |     1 |    12 |    14 |    45 ||    75
       Kite shield       |       |       |       |   113 |       |       ||   113
       Buckler           |       |       |       |   334 |   457 |   872 ||  1663

Table legend: (Time is in decaauts)
 A = Elapsed time spent in this place.
 B = Non-inter-level travel time spent in this place.
 C = Inter-level travel time spent in this place.
 D = Time resting spent in this place.
 E = Time spent auto-exploring this place.
 F = Levels seen in this place.
 G = Mean time per level.
                   A        B        C        D        E       F      G
               +--------+--------+--------+--------+--------+-----+--------+
         Total |  38058 |  35749 |   2309 |   2594 |  25518 |  29 | 1312.3 |
       Dungeon |  20930 |  19452 |   1478 |   2209 |  13229 |  15 | 1395.3 |
        Temple |    217 |    190 |     27 |      0 |    163 |   1 |  217.0 |
          Lair |   8686 |   8179 |    507 |    278 |   6493 |   5 | 1737.2 |
         Swamp |   4156 |   4032 |    124 |      0 |   3126 |   4 | 1039.0 |
  Orcish Mines |   2896 |   2724 |    172 |      0 |   2076 |   2 | 1448.0 |
         Trove |     99 |     99 |      0 |      0 |      2 |   1 |   99.0 |
      Ice Cave |   1070 |   1070 |      0 |    107 |    426 |   1 | 1070.0 |
               +--------+--------+--------+--------+--------+-----+--------+

Top non-repeatable levels by time:
  Lair:5: 2639 daAuts
    D:14: 2530 daAuts
     D:8: 2171 daAuts
    D:13: 1973 daAuts
     D:9: 1969 daAuts
  Lair:1: 1947 daAuts
   Orc:1: 1673 daAuts
  Lair:3: 1602 daAuts
    D:10: 1534 daAuts
  Lair:2: 1502 daAuts
     D:7: 1424 daAuts
    D:11: 1420 daAuts
     D:5: 1226 daAuts
     D:6: 1225 daAuts
   Orc:2: 1223 daAuts
